 Dungeon Crawl Stone Soup version 0.29.1-15-g9cfb28693d (webtiles) character file.

Game seed: 8088454740811995310

4 Ast3rio the Ducker (level 1, 8/10 HPs)
             Began as a Felid Berserker on Mar 28, 2023.
             Was a Follower of Trog.
             Quit the game on level 2 of the Dungeon.
             The game lasted 00:00:39 (172 turns).

Ast3rio the Ducker (Felid Berserker)                 Turns: 172, Time: 00:00:40

Health: 8/10       AC:  1    Str: 13    XL:     1   Next: 58%
Magic:  2/2        EV: 18    Int:  8    God:    Trog [*.....]
Gold:   17         SH:  0    Dex: 15    Spells: 0/0 levels left
                                        Lives:  0   Deaths: 0

rFire   . . .      SeeInvis +     - Unarmed
rCold   . . .      Faith    .   (shield unavailable)
rNeg    . . .      Spirit   .   (body armour unavailable)
rPois   .          Reflect  .   (helmet unavailable)
rElec   .          Harm     .   (cloak unavailable)
rCorr   .          Rampage  .   (gloves unavailable)
Will    .....                   (boots unavailable)
Stlth   +.........              (no amulet)
HPRegen 0.03/turn               (no ring)
MPRegen 0.08/turn               (no ring)

@: quick
A: very small, claws 1, fangs 3, see invisible, speed 1, shaggy fur 1, stealthy
paws, no weapons or thrown items, no armour, multi-lived
a: Renounce Religion, Berserk


You were on level 2 of the Dungeon.
You worshipped Trog.
Trog was aware of your devotion.
You visited 1 branch of the dungeon, and saw 2 of its levels.

You collected 17 gold pieces.

You aren't carrying anything.


   Skills:
 + Level 3.1 Fighting
 + Level 4.1 Dodging
 + Level 3.1 Unarmed Combat


You couldn't memorise any spells.
You didn't know any spells.
Your spell library was empty.

Dungeon Overview and Level Annotations

Branches:
Dungeon (2/15)

Altars:


Innate Abilities, Weirdness & Mutations

You have sharp claws.
You have razor-sharp teeth.
You have supernaturally acute eyesight. (SInv)
You cover ground quickly. (Speed+)
You are covered in fur. (AC +1)
Your paws help you pounce on unaware monsters.
You are incapable of wielding weapons or throwing items.
You cannot wear armour.
You gain extra lives every three experience levels.


Message History

A rat comes into view.
A goblin comes into view. It is wielding a +0 dagger.
The goblin shouts!
The rat barely misses you.
You scratch the goblin.
You kill the goblin!
Trog accepts your kill. The rat misses you.
You scratch the rat.
You kill the rat!
Trog accepts your kill.
You see here a rat corpse.
Found a scroll labelled MOARISM BUSK.
Found a scroll labelled MOARISM BUSK.
A goblin comes into view. It is wielding a +0 dagger.
The goblin shouts!
The goblin moves out of view.
The goblin hits you with a +0 dagger.
You scratch the goblin. Your bite misses the goblin.
The goblin is moderately wounded.
You scratch the goblin. Your bite misses the goblin.
The goblin is severely wounded.
The goblin barely misses you.
You barely miss the goblin.
The goblin is severely wounded.
The goblin hits you but does no damage.
You scratch the goblin.
You kill the goblin!
Trog accepts your kill.
Things that are here:
a +0 dagger; a goblin corpse
Found a pair of boots.
A sourceless malevolence fills the Dungeon...
You fall into a shaft and drop 1 floor!
The shaft crumbles and collapses.
Found 16 gold pieces.
Found a stone staircase leading up.
Found a pair of boots.
You now have 17 gold pieces (gained 5).
Are you sure you want to abandon this character and quit the game? (Confirm with "yes".)

#......#.##....##.....
....#.#...#.$### #.#<
........#......# #
......#.....###.##
............#.#...
..##.......#.⌠.# ..
##.##.#..#.#..## #.
#.##.### .. # #@# #..
#.# .... ... ......
##... ..... #####
#####


There were no monsters in sight!

Vanquished Creatures
  2 goblins (D:1)
  A ball python (D:1)
  A bat (D:1)
  A rat (D:1)
5 creatures vanquished.

Notes
Turn   | Place    | Note
-------+----------+-------------------------------------------
     0 | D:1      | Ast3rio the Felid Berserker began the quest for the Orb.
     0 | D:1      | Reached XP level 1. HP: 10/10 MP: 2/2
   121 | D:1      | You fall into a shaft and drop 1 floor!
   172 | D:2      | Quit the game

Illustrated notes

Levels and vault maps discovered:
D:1:      minmay_arrival_four_circles, layout_basic
D:2:      minmay_angry_zag, layout_loops_ring,
          shapermc_ecumenical_altar_mp_ritualfount, minivault_26,
          grunt_decor_one_mirror, kennysheep_generic_room_13

Action                   || total
-------------------------++-------
Melee: Unarmed           ||    11
Armor: Skin              ||     1
Dodge: Dodged            ||    18
